[Event "Titled Tuesday Blitz July 25 Early 2023"]
[White "Novikov, Evgenij"]
[Black "Tqebuchava, Zurab"]
[WhiteFideId "4125380"]
[BlackFideId "13601113"]
[WhiteElo "2442"]
[BlackElo "2211"]
[Result "1-0"]
[Round "4"]
[TimeControl "180+2"]
[Date "2023.07.25"]
[WhiteClock "0:00:17"]
[BlackClock "0:00:02"]
[Board "192"]

1. d4 d6 2. Nf3 g6 3. e4 Bg7 4. c4 c6 5. Nc3 Bg4 6. Be2 Bxf3 7. Bxf3 Qb6 8. d5 Nf6 9. O-O O-O 10. Qe2 Nbd7 11. Be3 Qc7 12. Rac1 Ne5 13. Rc2 Nfd7 14. Rfc1 c5 15. Bg5 Rfe8 16. Bg4 Nxg4 17. Qxg4 Ne5 18. Qe2 h6 19. Bh4 Bf6 20. Bg3 Nd7 21. Qe3 Kg7 22. Ne2 a6 23. h4 b5 24. b3 bxc4 25. bxc4 Rab8 26. h5 g5 27. f4 Rb2 28. Rxb2 Bxb2 29. Rf1 Bf6 30. Be1 gxf4 31. Rxf4 Bg5 32. Rg4 Kh7 33. Rxg5 hxg5 34. Qxg5 Ne5 35. Ng3 Rg8 36. Qf5+ Kh8 37. Qf4 Kg7 38. Nf5+ Kf8 39. h6 Qd7 40. Bh4 Qb7 41. Bxe7+ Ke8 42. Nxd6+ Kxe7 43. Nxb7 1-0


[Site "https://www.chess.com"]

[Event "Titled Tuesday Blitz July 25 Early 2023"]
[White "Smietanska, Wiktoria"]
[Black "Zheenbekov, Nurgazy"]
[WhiteFideId "21869359"]
[BlackFideId "13800485"]
[WhiteElo "2209"]
[BlackElo "2441"]
[Result "1-0"]
[Round "4"]
[TimeControl "180+2"]
[Date "2023.07.25"]
[WhiteClock "0:00:06"]
[BlackClock "0:00:14"]
[Board "193"]

1. c4 e5 2. Nc3 Nf6 3. Nf3 Nc6 4. e4 Bc5 5. Nxe5 Nxe5 6. d4 Bxd4 7. Qxd4 d6 8. Bg5 h6 9. Bh4 Be6 10. O-O-O g5 11. Bg3 Nc6 12. Qd2 Qe7 13. f3 O-O-O 14. Nd5 Bxd5 15. cxd5 Ne5 16. Qa5 Kb8 17. Bf2 b6 18. Qa6 Qd7 19. Bb5 Qc8 20. Qa4 a5 21. b4 axb4 22. Qxb4 Qb7 23. Kb1 Nfd7 24. Bd4 Nc5 25. Qb2 f6 26. Ka1 Ka7 27. Bxc5 dxc5 28. Qa3+ Kb8 29. g3 Qa7 30. Qc3 Nf7 31. Qxf6 Nd6 32. Bc6 Rhf8 33. Qc3 b5 34. Rb1 b4 35. Qe3 Qb6 36. Rhc1 Kc8 37. Qxc5 Qxc5 38. Rxc5 Rf4 39. gxf4 gxf4 40. Ra5 1-0


[Site "https://www.chess.com"]

[Event "Titled Tuesday Blitz July 25 Early 2023"]
[White "Sanudula, K M Dahamdi"]
[Black "Reprintsev, Alexander"]
[WhiteFideId "9932470"]
[BlackFideId "14100541"]
[WhiteElo "2181"]
[BlackElo "2440"]
[Result "0-1"]
[Round "4"]
[TimeControl "180+2"]
[Date "2023.07.25"]
[WhiteClock "0:00:14"]
[BlackClock "0:00:19"]
[Board "194"]

1. d4 d5 2. e3 Nf6 3. Bd3 Bg4 4. f3 Bd7 5. Nd2 c5 6. c3 Qb6 7. h3 g6 8. f4 Bg7 9. Ngf3 O-O 10. O-O Nc6 11. Ne5 Rad8 12. g4 Bc8 13. Qe2 Nd7 14. Qf3 cxd4 15. cxd4 Ndxe5 16. fxe5 Nb4 17. Be2 f6 18. exf6 Rxf6 19. Qg3 Nc2 20. Rb1 Rxf1+ 21. Nxf1 Na3 22. Ra1 Nc4 23. b3 Nd6 24. Qg2 Be6 25. Bf3 Nf7 26. Ba3 Bf8 27. Rc1 Ng5 28. Bc5 Qa6 29. a4 b6 30. Bb4 Nxf3+ 31. Qxf3 Qd3 32. Rc3 Qb1 33. Kg2 a5 34. Nd2 Qb2 35. Qd1 axb4 36. Rc2 Qa3 37. Qb1 Rc8 38. Rb2 Rc3 39. Kf2 Bh6 40. Nf1 b5 41. h4 bxa4 42. bxa4 Bxg4 43. Rxb4 Bxe3+ 44. Nxe3 Rxe3 45. Rb8+ Kg7 46. Qc1 Rf3+ 47. Kg2 Rg3+ 48. Kh1 Rh3+ 49. Kg1 Qg3+ 50. Kf1 Rh1# 0-1


[Site "https://www.chess.com"]

[Event "Titled Tuesday Blitz July 25 Early 2023"]
[White "coquitovich"]
[Black "Bendayan Claros, Aaron"]
[BlackFideId "3803392"]
[WhiteElo "2178"]
[BlackElo "2437"]
[Result "0-1"]
[Round "4"]
[TimeControl "180+2"]
[Date "2023.07.25"]
[WhiteClock "0:01:06"]
[BlackClock "0:01:00"]
[Board "195"]

1. Nf3 d5 2. g3 Bg4 3. Bg2 Nd7 4. h3 Bh5 5. d3 e5 6. Nbd2 Ngf6 7. e4 c6 8. O-O dxe4 9. dxe4 Bc5 10. Qe2 O-O 11. Nc4 Qc7 12. a4 a5 13. Re1 Rfe8 14. c3 Bg6 15. Nh4 Nb6 16. Bg5 Nxc4 17. Qxc4 Qb6 18. Qe2 Rad8 19. Bxf6 gxf6 20. Nf5 Rd7 21. b4 axb4 22. cxb4 Bxb4 23. Reb1 Qa5 24. Qg4 Red8 25. h4 h5 26. Qf3 Bf8 27. g4 Rd3 28. Ne3 Bg7 29. gxh5 Bh7 30. h6 Bxh6 31. Qxf6 Bxe3 32. fxe3 R8d6 33. Qxe5 Qxe5 0-1


[Site "https://www.chess.com"]

[Event "Titled Tuesday Blitz July 25 Early 2023"]
[White "Mishra, Manoj"]
[Black "Goldin, Roman"]
[WhiteFideId "5006007"]
[BlackFideId "2803860"]
[WhiteElo "2173"]
[BlackElo "2437"]
[Result "1-0"]
[Round "4"]
[TimeControl "180+2"]
[Date "2023.07.25"]
[WhiteClock "0:01:18"]
[BlackClock "0:01:05"]
[Board "196"]

1. d4 Nf6 2. Bg5 d5 3. e3 e6 4. Bd3 c5 5. c3 Nbd7 6. f4 Be7 7. Nd2 b6 8. Ngf3 Bb7 9. Bxf6 Nxf6 10. Bb5+ Kf8 11. O-O Rc8 12. Ne5 Ne4 13. Nxe4 dxe4 14. f5 exf5 15. Rxf5 f6 16. Qh5 g6 17. Nxg6+ Kg7 18. Nxe7 Qxe7 19. Qg4+ Kf7 20. Raf1 Rc6 21. Bxc6 Bxc6 22. Rxf6+ Qxf6 23. Rxf6+ Kxf6 24. Qf4+ 1-0


[Site "https://www.chess.com"]

[Event "Titled Tuesday Blitz July 25 Early 2023"]
[White "Vivas Zamora, Fabian Ernesto"]
[Black "Cardenas Carbajal, Nilson"]
[WhiteFideId "3902480"]
[BlackFideId "8401128"]
[WhiteElo "2437"]
[BlackElo "2164"]
[Result "1-0"]
[Round "4"]
[TimeControl "180+2"]
[Date "2023.07.25"]
[WhiteClock "0:01:07"]
[BlackClock "0:00:14"]
[Board "197"]

1. e4 e5 2. Nf3 Nc6 3. Bc4 Nf6 4. d3 Bc5 5. c3 d6 6. O-O a6 7. a4 Ba7 8. Re1 O-O 9. h3 Ne7 10. d4 Ng6 11. Nbd2 Re8 12. Bb3 h6 13. Bc2 c6 14. Nf1 d5 15. exd5 Qxd5 16. Bxg6 fxg6 17. Rxe5 Rxe5 18. Nxe5 Bf5 19. Ne3 Qe6 20. Nxf5 Qxf5 21. Qb3+ Kh7 22. Qxb7 Ne4 23. Be3 Qf8 24. Qxc6 Nf6 25. Re1 Rb8 26. b4 Rb6 27. Qc7 Qa8 28. Qf7 Rb7 29. Qxg6+ Kh8 30. Bxh6 1-0


[Site "https://www.chess.com"]

[Event "Titled Tuesday Blitz July 25 Early 2023"]
[White "Semenenko, Dmytry"]
[Black "djjohnnywoo"]
[WhiteFideId "14118645"]
[WhiteElo "2436"]
[BlackElo "2142"]
[Result "1-0"]
[Round "4"]
[TimeControl "180+2"]
[Date "2023.07.25"]
[WhiteClock "0:01:05"]
[BlackClock "0:00:07"]
[Board "198"]

1. Nf3 g6 2. c4 Bg7 3. d4 d6 4. Nc3 f5 5. e4 Nf6 6. exf5 Bxf5 7. Bd3 Bxd3 8. Qxd3 Nc6 9. d5 Nb4 10. Qd1 O-O 11. O-O a5 12. Nd4 e5 13. Ne6 Qd7 14. Nxf8 Rxf8 15. a3 Na6 16. Be3 b6 17. Qa4 Qg4 18. h3 Qh4 19. Qb5 Nc5 20. Bxc5 bxc5 21. Qxa5 Nh5 22. Ne2 Nf4 23. Nxf4 exf4 24. f3 Bd4+ 25. Kh1 Rf5 26. Qe1 Qh5 27. Qe6+ Kg7 28. Rae1 Kh6 29. b4 Rg5 30. bxc5 Qh4 31. cxd6 Qg3 32. Re2 Rh5 33. Qg4 cxd6 34. Qxg3 fxg3 35. a4 Rf5 36. a5 Rf7 37. a6 Ra7 38. Ra2 Bc5 39. Rb1 Kg5 40. Rb7 Kf4 41. Rxa7 Bxa7 42. Rb2 1-0


[Site "https://www.chess.com"]

[Event "Titled Tuesday Blitz July 25 Early 2023"]
[White "Johnson, Ben"]
[Black "Ionescu, Mihai"]
[WhiteFideId "2010917"]
[BlackFideId "1202499"]
[WhiteElo "2126"]
[BlackElo "2434"]
[Result "0-1"]
[Round "4"]
[TimeControl "180+2"]
[Date "2023.07.25"]
[WhiteClock "0:00:10"]
[BlackClock "0:00:11"]
[Board "199"]

1. Nf3 Nf6 2. c4 b6 3. d4 Bb7 4. g3 g6 5. Bg2 Bg7 6. O-O O-O 7. Nc3 Ne4 8. Qc2 Nxc3 9. bxc3 c5 10. e4 cxd4 11. cxd4 Nc6 12. Bb2 Rc8 13. a3 Na5 14. Nd2 Ba6 15. d5 Bxb2 16. Qxb2 Nxc4 17. Nxc4 Rxc4 18. e5 Qc7 19. Rfe1 Qc5 20. Rad1 d6 21. Rd2 dxe5 22. Qxe5 Rc1 23. a4 Rxe1+ 24. Qxe1 Rd8 25. h4 h5 26. Kh2 Qd6 27. Re2 Rd7 28. Re5 Bb7 29. Qe4 e6 30. Qf4 Bxd5 31. Bxd5 exd5 32. Re8+ Kg7 33. Qd4+ Qf6 34. Rg8+ Kxg8 35. Qxf6 d4 36. Qf3 d3 37. Qd1 d2 38. Kg2 a6 39. Kf3 b5 40. axb5 axb5 41. Ke2 b4 42. Qb1 d1=Q+ 43. Qxd1 Rxd1 44. Kxd1 Kg7 45. Kc2 Kf6 46. Kb3 Ke5 47. Kxb4 Ke4 48. Kc3 Kf3 49. Kd4 Kxf2 50. Ke5 Kxg3 51. Kf6 Kxh4 52. Kxf7 g5 53. Kg6 g4 0-1


[Site "https://www.chess.com"]

[Event "Titled Tuesday Blitz July 25 Early 2023"]
[White "Larina, Maria"]
[Black "Manukian, Artak"]
[WhiteFideId "24113182"]
[BlackFideId "13301373"]
[WhiteElo "2116"]
[BlackElo "2431"]
[Result "0-1"]
[Round "4"]
[TimeControl "180+2"]
[Date "2023.07.25"]
[WhiteClock "0:00:08"]
[BlackClock "0:00:08"]
[Board "200"]

1. e4 c6 2. d4 d5 3. f3 Qb6 4. Nc3 e6 5. a3 Nf6 6. e5 Nfd7 7. f4 a5 8. Be3 a4 9. Nf3 g6 10. Be2 Qxb2 11. Bd2 Qb6 12. O-O Qa7 13. Rb1 b5 14. Ra1 Nb6 15. Be3 N8d7 16. g4 h5 17. h3 hxg4 18. hxg4 Ba6 19. Kg2 Be7 20. Rh1 O-O-O 21. Qd2 Kb8 22. Ng5 Bxg5 23. fxg5 Qc7 24. Rh6 Rdf8 25. Rah1 Qd8 26. Qe1 Ka7 27. Qg3 Bb7 28. R1h3 Nb8 29. Qh2 Rhg8 30. Rh7 Qe7 31. Bc1 b4 32. axb4 Qxb4 33. Ba3 Qxd4 34. Bxf8 Rxf8 35. Rd3 Qc5 36. Qg1 Qxg1+ 37. Kxg1 Ba6 38. Rd2 Bxe2 39. Rxe2 N8d7 40. Re1 Ka6 41. Ra1 Ka5 42. Kf2 c5 43. Ke2 Nxe5 44. Rh4 Nc6 45. Rhh1 Nd4+ 46. Kd1 Nb5 47. Nxb5 Kxb5 48. c3 Kc4 49. Kc2 d4 50. cxd4 cxd4 51. Rhd1 e5 52. Rab1 Rb8 53. Ra1 e4 54. Rf1 d3+ 55. Kd1 Kd4 56. Rxf7 Nd5 57. Rxa4+ Ke3 58. Kc1 d2+ 59. Kc2 Rc8+ 60. Kb2 d1=Q 61. Rxe4+ Kxe4 62. Rf4+ Nxf4 63. Ka3 Ra8+ 64. Kb4 Qd6+ 65. Kb5 Qd5+ 66. Kb6 Qd8+ 67. Kb7 Qc8+ 68. Kb6 Rb8+ 69. Ka5 Qc7+ 70. Ka4 Qa7# 0-1


[Site "https://www.chess.com"]

[Event "Titled Tuesday Blitz July 25 Early 2023"]
[White "Semenova, Alina"]
[Black "Silva Lucena, Cristian"]
[WhiteFideId "24113875"]
[BlackFideId "2232588"]
[WhiteElo "2090"]
[BlackElo "2430"]
[Result "0-1"]
[Round "4"]
[TimeControl "180+2"]
[Date "2023.07.25"]
[WhiteClock "0:00:01"]
[BlackClock "0:01:21"]
[Board "201"]

1. e4 c5 2. Nf3 d6 3. d4 cxd4 4. Nxd4 Nf6 5. Nc3 g6 6. Be2 Bg7 7. Be3 O-O 8. O-O Nc6 9. Nb3 Be6 10. f3 Qc8 11. Qd2 Rd8 12. Nd5 Bxd5 13. exd5 Ne5 14. Rad1 Nc4 15. Bxc4 Qxc4 16. c3 Rdc8 17. Qd3 Qa4 18. Nc1 Nd7 19. b3 Qa5 20. c4 b5 21. cxb5 Rc3 22. Qe2 Qa3 23. Nd3 Rac8 24. Rc1 Bf6 25. Rxc3 Rxc3 26. Rc1 Rxc1+ 27. Bxc1 Qa5 28. a4 Qb6+ 29. Be3 Qc7 30. Qd2 Nb6 31. Nb4 Bc3 32. Qc2 Qc8 33. Nc6 Bf6 34. Bxb6 axb6 35. Qf2 Qc7 36. Qe3 h5 37. f4 Kg7 38. f5 gxf5 39. Qh3 Kg6 40. Qg3+ Kh6 41. Qf4+ Kg6 42. b4 e5 43. dxe6 fxe6 44. Qg3+ Kh7 45. Qe3 e5 46. Qd3 Qd7 47. a5 bxa5 48. bxa5 e4 49. Qd5 Qb7 50. a6 Qb6+ 51. Kf1 Qe3 52. Qf7+ Bg7 53. Qxh5+ Kg8 54. Qe8+ Bf8 55. Qg6+ Kh8 56. Qh5+ Kg7 57. a7 d5 58. Qxf5 Qd3+ 0-1


[Site "https://www.chess.com"]

[Event "Titled Tuesday Blitz July 25 Early 2023"]
[White "JonSnowNW1"]
[Black "Goughfather"]
[WhiteElo "2426"]
[BlackElo "2056"]
[Result "1-0"]
[Round "4"]
[TimeControl "180+2"]
[Date "2023.07.25"]
[WhiteClock "0:01:05"]
[BlackClock "0:00:04"]
[Board "203"]

1. c4 c6 2. e4 d5 3. cxd5 cxd5 4. exd5 Nf6 5. Bb5+ Nbd7 6. Nc3 a6 7. Be2 b5 8. d6 exd6 9. Bf3 Rb8 10. Nge2 Ne5 11. Nd4 Qb6 12. Nce2 Nd3+ 13. Kf1 Bd7 14. Qc2 Ne5 15. d3 Rc8 16. Qd1 Be7 17. Be3 O-O 18. Nc6 Bxc6 19. Bxb6 Nxf3 20. gxf3 Bxf3 21. Rg1 Ng4 22. Rg3 Ne5 23. Bd4 Bh5 24. f4 Ng4 25. Qd2 Nxh2+ 26. Kg2 Ng4 27. Rh1 g6 28. f5 1-0


[Site "https://www.chess.com"]

[Event "Titled Tuesday Blitz July 25 Early 2023"]
[White "Carrasco Miranda, Andres"]
[Black "ilya2700"]
[WhiteFideId "3405990"]
[WhiteElo "2426"]
[BlackElo "2048"]
[Result "1-0"]
[Round "4"]
[TimeControl "180+2"]
[Date "2023.07.25"]
[WhiteClock "0:00:14"]
[BlackClock "0:00:52"]
[Board "204"]

1. d4 d5 2. c4 e6 3. Nf3 Nf6 4. g3 Be7 5. Bg2 O-O 6. O-O Nbd7 7. Qc2 b6 8. cxd5 exd5 9. Bf4 Bb7 10. Qxc7 Qxc7 11. Bxc7 Rac8 12. Bf4 Rc2 13. Nc3 Rxb2 14. Rab1 Rc2 15. Rfc1 Rxc1+ 16. Rxc1 Rc8 17. Ne1 Ba3 18. Nxd5 Bxc1 19. Ne7+ Kf8 20. Nxc8 Bxf4 21. Bxb7 Bc7 22. Nxa7 Ke7 23. Nb5 Bb8 24. e4 Ne8 25. e5 Nc7 26. Nxc7 Bxc7 27. Nd3 b5 28. Bc6 Bb6 29. Bxb5 Bxd4 30. Bxd7 Kxd7 31. Kf1 Kc6 32. Ke2 Kb5 33. f4 Ka4 34. Kf3 Ka3 35. Ke4 Bb6 36. f5 Kxa2 37. e6 fxe6 38. fxe6 Bd8 39. Ne5 Kb3 40. Nc6 Bf6 41. e7 Bxe7 42. Nxe7 Kc4 43. Nf5 g6 44. Nh6 Kc5 45. Ke5 Kc6 46. Kf6 Kd6 47. h4 Kd5 48. Kg7 Ke4 49. Kxh7 Kf3 50. g4 Kg3 51. Kxg6 Kxh4 52. Kf5 1-0


[Site "https://www.chess.com"]

[Event "Titled Tuesday Blitz July 25 Early 2023"]
[White "Krzywda, Andrzej"]
[Black "Gyulamiryan-koryun"]
[WhiteFideId "1114565"]
[WhiteElo "2423"]
[BlackElo "2055"]
[Result "1/2-1/2"]
[Round "4"]
[TimeControl "180+2"]
[Date "2023.07.25"]
[WhiteClock "0:00:09"]
[BlackClock "0:00:05"]
[Board "205"]

1. e4 c5 2. Nf3 d6 3. d4 cxd4 4. Nxd4 Nf6 5. Nc3 a6 6. h3 e6 7. Be3 Be7 8. g4 d5 9. Bg2 dxe4 10. Nxe4 Nbd7 11. Ng5 O-O 12. O-O Ne5 13. Qe2 Ng6 14. Rad1 Qc7 15. f4 Nd5 16. Bxd5 Bxg5 17. fxg5 exd5 18. Qf2 Be6 19. c3 Rae8 20. Rd2 b5 21. Nf5 Qd7 22. Bc5 Bxf5 23. gxf5 Ne5 24. Qh4 Nc4 25. Rd4 Ne3 26. Bxf8 Nxf1 27. Qf2 Kxf8 28. Qxf1 Re5 29. Rf4 Re4 30. Qf2 Qe7 31. Rxe4 Qxe4 32. Qc5+ Qe7 33. Qc8+ Qe8 34. Qc5+ Qe7 35. Qc8+ Qe8 36. Qc5+ Qe7 1/2-1/2


[Site "https://www.chess.com"]

[Event "Titled Tuesday Blitz July 25 Early 2023"]
[White "Nunez V, Gustavo Eduardo"]
[Black "ivana_999"]
[WhiteFideId "4403690"]
[WhiteElo "2420"]
[BlackElo "2047"]
[Result "0-1"]
[Round "4"]
[TimeControl "180+2"]
[Date "2023.07.25"]
[WhiteClock "0:00:02"]
[BlackClock "0:01:13"]
[Board "206"]

1. e4 e6 2. d3 d5 3. Nd2 c5 4. g3 Nc6 5. Bg2 Nf6 6. Ne2 Be7 7. O-O b6 8. Nc3 Bb7 9. h3 Qd7 10. a4 h5 11. exd5 exd5 12. Re1 O-O-O 13. Nf3 Rhe8 14. Bf4 Bd6 15. Qd2 Qc7 16. Nb5 Bxf4 17. Nxc7 Bxd2 18. Nxe8 Bxe1 19. Nxf6 Bxf2+ 20. Kxf2 gxf6 21. Re1 Kd7 22. Nh4 Ne5 23. Nf5 Re8 24. Bf3 Nxf3 25. Kxf3 Rxe1 26. Ng7 d4+ 27. Kf2 Rc1 28. Nxh5 Rxc2+ 29. Kf1 Ke6 30. Nf4+ Ke5 31. b3 Rb2 32. h4 Bf3 33. h5 Bg4 34. h6 Bf5 35. Kg1 Rxb3 36. g4 Bh7 37. Nh5 Rxd3 38. Kf2 Rh3 39. Nf4 Rh2+ 40. Kg3 Ra2 41. Nh5 d3 42. Nxf6 Kxf6 43. Kf4 d2 44. g5+ Kg6 45. Kg4 d1=Q+ 46. Kh4 Rh2+ 0-1


[Site "https://www.chess.com"]

[Event "Titled Tuesday Blitz July 25 Early 2023"]
[White "Baches Garcia, Guillermo"]
[Black "Navyblue1"]
[WhiteFideId "2209764"]
[WhiteElo "2418"]
[BlackElo "1920"]
[Result "1-0"]
[Round "4"]
[TimeControl "180+2"]
[Date "2023.07.25"]
[WhiteClock "0:01:54"]
[BlackClock "0:00:01"]
[Board "207"]

1. e4 c5 2. Nf3 d6 3. d4 cxd4 4. Nxd4 Nf6 5. Nc3 a6 6. Be3 e5 7. Nb3 Be6 8. f3 Be7 9. Qd2 Nbd7 10. O-O-O h5 11. Kb1 b5 12. h3 h4 13. f4 Rc8 14. Bd3 Bc4 15. Rhg1 b4 16. Ne2 a5 17. g4 hxg3 18. Rxg3 a4 19. Nbc1 Bxd3 20. cxd3 Rb8 21. Rxg7 Rxh3 22. Rdg1 Bf8 23. R7g5 b3 24. a3 Qc7 25. Nc3 1-0


[Site "https://www.chess.com"]

[Event "Titled Tuesday Blitz July 25 Early 2023"]
[White "Saim, Mohamed Ilias"]
[Black "Goncalves, Davi Sulzbacher"]
[WhiteFideId "7900465"]
[BlackFideId "2154510"]
[WhiteElo "1927"]
[BlackElo "2416"]
[Result "0-1"]
[Round "4"]
[TimeControl "180+2"]
[Date "2023.07.25"]
[WhiteClock "0:00:04"]
[BlackClock "0:00:35"]
[Board "208"]

1. c4 e5 2. g3 Nc6 3. Bg2 Nf6 4. Nc3 Bb4 5. Nd5 Bd6 6. d3 O-O 7. Nf3 Nxd5 8. cxd5 Nd4 9. O-O Nxf3+ 10. Bxf3 Bc5 11. Qc2 d6 12. Bd2 Bh3 13. Rfc1 f5 14. b4 Bb6 15. a4 Rf7 16. a5 Bd4 17. Ra2 a6 18. Qc4 Qf6 19. Bc3 Bxc3 20. Qxc3 f4 21. Rac2 fxg3 22. fxg3 g5 23. Qe1 g4 24. Bg2 Raf8 25. Rxc7 Qf2+ 26. Qxf2 Rxf2 27. Bxh3 gxh3 28. Rc8 Rg2+ 29. Kh1 Rxe2 30. Rxf8+ Kxf8 31. Kg1 Rg2+ 32. Kh1 Rb2 33. Kg1 Rxb4 34. Rc2 Rd4 35. Kf2 Rxd3 36. Rc8+ Ke7 37. Rc7+ Kf6 38. Rxh7 Rxd5 39. Rxh3 Rxa5 40. Rh6+ Ke7 41. Rh7+ Ke6 42. Rxb7 Ra2+ 43. Kg1 a5 44. h4 Kf5 45. h5 Kg5 46. g4 Ra4 0-1


[Site "https://www.chess.com"]

[Event "Titled Tuesday Blitz July 25 Early 2023"]
[White "Zepeda Berlanga, Jan Enrique"]
[Black "Pandey Srishti"]
[WhiteFideId "5132355"]
[BlackFideId "35093290"]
[WhiteElo "1856"]
[BlackElo "2415"]
[Result "0-1"]
[Round "4"]
[TimeControl "180+2"]
[Date "2023.07.25"]
[WhiteClock "0:00:13"]
[BlackClock "0:00:51"]
[Board "209"]

1. c4 c6 2. Nc3 d5 3. e3 Nf6 4. Nf3 e6 5. d4 Nbd7 6. a3 a6 7. Bd3 dxc4 8. Bxc4 b5 9. Bd3 Bd6 10. O-O O-O 11. Bd2 Bb7 12. e4 e5 13. Re1 c5 14. dxe5 Nxe5 15. Nxe5 Bxe5 16. Qf3 c4 17. Qf5 Qxd3 18. Rad1 Bxc3 19. Bxc3 Bxe4 20. Qf4 Nd5 21. Qxe4 Qxe4 22. Rxe4 Nxc3 23. bxc3 Rfe8 24. Red4 g6 25. f3 Re2 26. R1d2 Rae8 27. Kf1 Rxd2 28. Rxd2 Re3 29. Rc2 f5 30. Kf2 Rd3 31. Ke2 Kf7 32. h4 f4 33. Kf2 Kf6 34. g3 Kf5 35. g4+ Ke5 36. g5 Kd5 37. Ke2 Kc5 38. Kf2 a5 39. Ke2 b4 40. axb4+ axb4 41. cxb4+ Kxb4 42. Rb2+ Kc3 43. Rb7 Re3+ 44. Kf2 Kd2 45. Rb2+ Kc1 46. Rb4 c3 47. Rxf4 Re7 48. Rc4 c2 49. f4 Rd7 50. Ke2 Rb7 51. Kd3 Rd7+ 52. Ke2 Kb2 53. Ke3 c1=Q+ 54. Rxc1 Kxc1 55. Ke4 Rf7 56. Ke5 Kd2 57. h5 Ke3 58. hxg6 hxg6 59. Ke6 Rxf4 60. Ke7 Rf5 61. Ke6 Rxg5 62. Kf7 Rg1 63. Kf6 g5 64. Ke5 g4 65. Kd5 g3 66. Kc4 g2 67. Kb4 0-1


[Site "https://www.chess.com"]

[Event "Titled Tuesday Blitz July 25 Early 2023"]
[White "Nasuta, Grzegorz"]
[Black "Nayak Rajesh"]
[WhiteFideId "1141686"]
[BlackFideId "35017152"]
[WhiteElo "2690"]
[BlackElo "2297"]
[Result "1-0"]
[Round "4"]
[TimeControl "180+2"]
[Date "2023.07.25"]
[WhiteClock "0:00:10"]
[BlackClock "0:00:08"]
[Board "211"]

1. e4 c5 2. Nf3 d6 3. d4 cxd4 4. Nxd4 Nf6 5. Nc3 g6 6. Be2 Bg7 7. Nb3 O-O 8. O-O Nc6 9. Re1 Be6 10. Bf1 a5 11. a4 Rc8 12. Nd5 Bxd5 13. exd5 Ne5 14. c3 Re8 15. Bb5 Nfd7 16. Qe2 Qc7 17. f4 Nc4 18. Bxc4 Qxc4 19. Qxc4 Rxc4 20. Nxa5 Rc5 21. Nxb7 Rxd5 22. a5 e6 23. a6 Ra8 24. Be3 Nc5 25. Nxc5 dxc5 26. Ra5 c4 27. Rxd5 exd5 28. Ra1 Kf8 29. a7 Ke7 30. Ra5 Ke6 31. Kf2 h5 32. Kf3 Bf6 33. Bc5 Kd7 34. Be3 Bd8 35. Ra6 Bc7 36. Bd4 f5 37. Rxg6 Bd8 38. Rg7+ Be7 39. Bf6 Ke6 40. Bxe7 Rxa7 41. Bf8 Rxg7 42. Bxg7 Kf7 43. Bd4 Kg6 44. g3 Kf7 45. h3 Ke6 46. g4 hxg4+ 47. hxg4 fxg4+ 48. Kxg4 Kd7 49. f5 Ke7 50. Kg5 Kf7 51. f6 Ke6 52. Kg6 1-0


[Site "https://www.chess.com"]

[Event "Titled Tuesday Blitz July 25 Early 2023"]
[White "Altman, Joshua"]
[Black "EdmundPlayer"]
[WhiteFideId "426210"]
[WhiteElo "2541"]
[BlackElo "2294"]
[Result "0-1"]
[Round "4"]
[TimeControl "180+2"]
[Date "2023.07.25"]
[WhiteClock "0:00:02"]
[BlackClock "0:00:02"]
[Board "212"]

1. Nf3 d5 2. c4 d4 3. g3 Nc6 4. Bg2 e5 5. d3 Nf6 6. a3 a5 7. O-O Be7 8. e3 O-O 9. exd4 exd4 10. Nbd2 Bf5 11. Ne1 Qd7 12. Rb1 Rfe8 13. Ndf3 h6 14. Bd2 a4 15. b4 axb3 16. Rxb3 Rxa3 17. Rxb7 Bf8 18. Bf4 Bd6 19. Bxd6 Qxd6 20. Nh4 Bg4 21. Qc1 Rc3 22. Qa1 Be2 23. Nf5 Qe6 24. Bh3 Kh7 25. Rxc7 Bxf1 26. Kxf1 Qe2+ 27. Kg2 Qxe1 28. Qxe1 Rxe1 29. Rxc6 Rxd3 30. Nd6 Rd2 31. Nxf7 Kg6 32. Nd6 Ree2 33. Bf5+ Kg5 34. h4+ Kh5 35. Nf7 Rxf2+ 36. Kg1 Rxf5 37. Nd6 Rd1+ 38. Kg2 Rd2+ 39. Kh3 Rff2 40. g4+ Nxg4 41. Kg3 Ne5 42. Ne4 Rf3# 0-1


[Site "https://www.chess.com"]

[Event "Titled Tuesday Blitz July 25 Early 2023"]
[White "Akylbek2021"]
[Black "LLariMarc"]
[WhiteElo "2454"]
[BlackElo "2262"]
[Result "0-1"]
[Round "4"]
[TimeControl "180+2"]
[Date "2023.07.25"]
[WhiteClock "0:00:01"]
[BlackClock "0:01:19"]
[Board "213"]

1. e4 e6 2. d4 d5 3. e5 c5 4. c3 Qa5 5. Nf3 cxd4 6. Nxd4 Nc6 7. Nxc6 bxc6 8. Bd3 Ba6 9. O-O Bxd3 10. Qxd3 Qb5 11. Qxb5 cxb5 12. a4 b4 13. Bd2 bxc3 14. Nxc3 a6 15. Ne2 Ne7 16. b4 Nc6 17. b5 Nxe5 18. Nd4 Bd6 19. Rfb1 Kd7 20. b6 Rhb8 21. a5 Rb7 22. Bf4 Nc4 23. Bxd6 Nxd6 24. Nb3 Rc8 25. Rc1 Nc4 26. Kf1 Rc6 27. Ke2 Kd6 28. f4 Nxb6 29. Rxc6+ Kxc6 30. axb6 Rxb6 31. Nd4+ Kd7 32. Kd3 Ke7 33. g4 g6 34. g5 Kd6 35. Ra5 Kc7 36. h4 Kb7 37. Kc3 Rb1 38. Kd3 Rh1 39. Nf3 Rd1+ 40. Ke2 Rb1 41. Ne5 Rh1 42. Nxf7 Rxh4 43. Ke3 Rh3+ 44. Kd4 Rf3 45. Ke5 Re3+ 46. Kd6 Re4 47. Rc5 Rxf4 48. Nd8+ Kb6 49. Nxe6 Re4 50. Kxd5 Rxe6 51. Rc2 Re7 52. Kd6 Rb7 53. Rb2+ Ka7 54. Rh2 a5 55. Kc6 Ka6 56. Ra2 Rf7 57. Kc5 Rf5+ 58. Kc6 Rxg5 59. Re2 Rb5 60. Re8 Rb6+ 61. Kc5 Rb7 62. Ra8+ Ra7 63. Rc8 Kb7 64. Rh8 Ka6 65. Rc8 a4 66. Kc6 Ka5 0-1


[Site "https://www.chess.com"]

[Event "Titled Tuesday Blitz July 25 Early 2023"]
[White "Kohler, Aran"]
[Black "Herman, Daniel"]
[WhiteFideId "1002856"]
[BlackFideId "30935008"]
[WhiteElo "2253"]
[BlackElo "2426"]
[Result "0-1"]
[Round "4"]
[TimeControl "180+2"]
[Date "2023.07.25"]
[WhiteClock "0:01:34"]
[BlackClock "0:01:41"]
[Board "214"]

1. e4 Nf6 2. e5 Nd5 3. Nc3 e6 4. Nxd5 exd5 5. d4 d6 6. f4 c5 7. Bb5+ Nc6 8. Nf3 Qa5+ 9. c3 Qxb5 10. exd6 Bxd6 11. Qe2+ Qxe2+ 12. Kxe2 Bg4 13. Kf2 Bxf3 14. Kxf3 cxd4 15. Rd1 Bc5 16. b4 Bb6 17. b5 Na5 18. cxd4 Nc4 19. Re1+ Kd7 20. Be3 Rhe8 21. Bf2 Rxe1 22. Rxe1 Re8 23. Rxe8 Kxe8 24. f5 Na3 25. Kf4 Bc7+ 26. Kg5 Nxb5 27. h4 Bb6 28. f6 Bd8 29. g4 Bxf6+ 30. Kh5 Bxd4 31. Bg3 Be3 32. Bb8 g6# 0-1


[Site "https://www.chess.com"]

[Event "Titled Tuesday Blitz July 25 Early 2023"]
[White "Khouri, Ahmed Abbas"]
[Black "Bueno, Alfeu Junior Varela"]
[WhiteFideId "9301518"]
[BlackFideId "2108879"]
[WhiteElo "2243"]
[BlackElo "2404"]
[Result "0-1"]
[Round "4"]
[TimeControl "180+2"]
[Date "2023.07.25"]
[WhiteClock "0:02:20"]
[BlackClock "0:00:37"]
[Board "215"]

1. e4 e6 2. d4 d5 3. Nc3 Nf6 4. e5 Nfd7 5. f4 c5 6. dxc5 Bxc5 7. Nf3 Nc6 8. Bd3 h6 9. Qe2 a6 10. Bd2 b5 11. f5 b4 12. Na4 Nd4 13. Nxd4 Bxd4 14. fxe6 Nxe5 15. exf7+ Kxf7 16. Rf1+ Kg8 17. O-O-O Qa5 18. c3 Bg4 19. Qe1 Nxd3+ 20. Kb1 Nxe1 21. Rdxe1 Qxa4 22. cxd4 Rf8 23. h3 Rxf1 24. Rxf1 Qb5 0-1


[Site "https://www.chess.com"]